 Dungeon Crawl Stone Soup version 0.31.0-12-g77e489cdc1 (webtiles) character file.

Game seed: 15982691176915368104

814 BlackCrag the Magician (level 7, -6/36 HPs)
             Began as a Deep Elf Earth Elementalist on Mar 7, 2024.
             Mangled by a killer bee (8 damage)
             ... on level 3 of the Dungeon.
             The game lasted 00:14:23 (3268 turns).

BlackCrag the Magician (DEEE)                       Turns: 3268, Time: 00:14:23

Health: -6/36      AC:  3    Str:  5    XL:     7   Next: 62%
Magic:  17/20      EV: 12    Int: 22    God:
Gold:   196        SH:  0    Dex: 15    Spells: 10/21 levels left

rFire   . . .        c - +0 dagger
rCold   . . .        l - orb {light}
rNeg    . . .        a - +0 robe
rPois   .            (no helmet)
rElec   .            j - +0 cloak
rCorr   .            (no gloves)
SInv    .            (no boots)
Will    .....        s - amulet of magic regeneration
Stlth   +            (no ring)
HPRegen 0.26/turn    (no ring)
MPRegen 0.57/turn

%: no passive effects
@: lethally poisoned (-6 -> -21), glowing
A: no striking features
a: no special abilities


You were on level 3 of the Dungeon.
You visited 1 branch of the dungeon, and saw 4 of its levels.
You also visited: Ossuary.

You collected 196 gold pieces.

Inventory:

Hand Weapons
 c - a +0 dagger (weapon)
Armour
 a - a +0 robe (worn)
 j - a +0 cloak (worn)
 l - an orb of light (worn)
Jewellery
 k - the amulet of Zeumuolu {Spirit ^Contam +Blink rC+}
   (You found it on level 3 of the Dungeon)

   [amulet of guardian spirit]

   Spirit:    It causes incoming damage to be divided between your reserves of
   health and magic.
   rC+:       It protects you from cold.
   +Blink:    It lets you blink.
   ^Contam:   It causes magical contamination when unequipped.
 s - an amulet of magic regeneration (around neck)
Wands
 f - a wand of iceblast (22)
Scrolls
 d - a scroll of vulnerability {unknown}
 g - 2 scrolls of teleportation
 i - 2 scrolls of fog
 n - a scroll of poison {unknown}
 p - a scroll of fear {unknown}
 r - a scroll of brand weapon {unknown}
 y - a scroll of revelation {unknown}
Potions
 b - 3 potions of magic
 e - 3 potions of enlightenment
 h - 3 potions of brilliance
 m - 4 potions of curing
 o - 2 potions of heal wounds
 t - a potion of mutation {unknown}
 u - a potion of invisibility {unknown}
 v - a potion of degeneration {unknown}
 w - 2 potions of attraction {unknown}
Miscellaneous
 q - a box of beasts


   Skills:
 + Level 2.5 Dodging
 + Level 3.0 Stealth
 * Level 7.8 Spellcasting
 * Level 3.5 Conjurations
 * Level 6.8 Earth Magic


You had 10 spell levels left.
You knew the following spells:

 Your Spells              Type           Power      Damage    Failure   Level
a - Sandblast             Erth           76%        2d16      1%          1
b - Passwall              Erth           38%        N/A       1%          3
c - Stone Arrow           Conj/Erth      62%        3d10      2%          3
d - Petrify               Alch/Erth      23%        N/A       19%         4

Your spell library contained the following spells:

 Spells                   Type           Power      Damage    Failure   Level
 Sting                    Conj/Alch      64%        1d7       3%          1
 Apportation              Tloc           16%        N/A       8%          1
 Necrotise                Necr           32%        1d5       8%          1
 Summon Small Mammal      Summ           32%        N/A       8%          1
 Brom's Barrelling Bould  Conj/Erth      31%        2d5       9%          4
 Jinxbite                 Hex            16%        N/A       12%         2
 Mercury Vapours          Alch/Air       16%        N/A       12%         2
 Mephitic Cloud           Conj/Alch/Air  13%        N/A       14%         3
 Freezing Cloud           Conj/Ice/Air   6%         6-21      78%         5
 Alistair's Intoxication  Alch           5%         N/A       91%         5


Dungeon Overview and Level Annotations

Branches:
Dungeon (4/15)            Ossuary (visited)
 Temple: D:4-7

Altars:
Uskayaw

Shops:
D:1 =   D:3 [

Annotations:
D:4 Blork the orc


Message History

The killer bee buzzes angrily.
You hear an angry buzzing noise.
You see here a coppery potion.
Aiming: Sandblast (safe; 1% risk of failure)
Press: ? - help, Q - select action, (/) - cycle Shift-Dir - straight line, f - killer bee
Aim: a killer bee (haloed, 74% to hit)
The blast of sand hits the killer bee!
You kill the killer bee!
The killer bee completely misses you.
The killer bee attacks as it pursues you!
The killer bee stings you.
You are poisoned.
The killer bee poisons you!
An adder comes into view.
You feel sick.
The killer bee attacks as it pursues you!
The killer bee barely misses you.
The killer bee stings you but does no damage.
The killer bee misses you.
The adder moves out of view.
There is a stone staircase leading up here.
You feel sick.
The killer bee buzzes angrily.
The killer bee closely misses you. The killer bee stings you. x2
You are more poisoned.
The killer bee poisons you! The killer bee stings you!
You climb upwards.
You feel very sick.
There is a stone staircase leading down here.
Casting: Sandblast (safe; 1% risk of failure)
Confirm with . or Enter, or press ? or * to list all spells.
Aiming: Stone Arrow (dangerous; 2% risk of failure)
Press: ? - help, Shift-Dir - straight line, f - killer bee
Aim: a killer bee (haloed, 63% to hit)
The stone arrow misses the killer bee.
You feel sick. The killer bee stings you!
* * * LOW HITPOINT WARNING * * *
The killer bee stings you.
* * * LOW HITPOINT WARNING * * *
You are more poisoned.
The killer bee poisons you! The killer bee stings you!
You die...

..#
#)##.######.##.###.###.##..
..# #.##.# #.##.# ##.#......
..## #.##.######.##.#
##.#.#### ...#
#...........##.# #.#.# ##.#
####...........# #.#.# ...#
#.#####..########.#.# .#.#
#.####..........<.#.#### ...#
#.....y..##########..... ##.#
#######@.# #..### ...# #y!#
#..# ..## #..#### #..# #.#
########.(...### #..# #.#
#..............#####..# #.#
#.#######.##.#........# #.#
#.# #.##.#######.## #.# #.#
#.##.#######.#
#.#######.#######.##.........#


You could see 2 killer bees.

Vanquished Creatures
  7 scorpions
  A killer bee (D:4)
  A bombardier beetle (D:4)
  2 centaur zombies (Ossuary)
  2 human zombies (Ossuary)
  2 scorpion zombies (Ossuary)
  3 mummies (Ossuary)
  4 adders
  2 adder zombies (Ossuary)
  A ribbon worm (D:2)
  A dart slug (D:4)
  2 orcs (D:3)
  10 ball pythons
  10 endoplasms
  2 giant cockroaches
  7 goblins
  4 hobgoblins
  2 quokkas
  4 bats
  2 frilled lizards (D:1)
  2 jackal zombies (Ossuary)
  7 kobolds
  3 orc zombies (Ossuary)
  5 rats
86 creatures vanquished.

Notes
Turn   | Place    | Note
-------+----------+-------------------------------------------
     0 | D:1      | BlackCrag the Deep Elf Earth Elementalist began the quest
                  | for the Orb.
     0 | D:1      | Reached XP level 1. HP: 10/10 MP: 6/6
   249 | D:1      | Reached XP level 2. HP: 15/15 MP: 5/8
   816 | D:1      | Found Luddion's Jewellery Boutique.
  1075 | D:2      | Reached XP level 3. HP: 19/19 MP: 7/10
  1089 | D:2      | Learned a level 3 spell: Passwall
  1093 | D:2      | Learned a level 3 spell: Stone Arrow
  1417 | D:2      | Reached skill level 4 in Spellcasting
  1705 | D:3      | Identified the amulet of Zeumuolu {Spirit ^Contam +Blink
                  | rC+}
  1808 | D:3      | Found Toridog's Armour Shop.
  2093 | D:3      | Reached XP level 4. HP: 16/24 MP: 8/12
  2161 | D:3      | Learned a level 4 spell: Petrify
  2404 | D:4      | Noticed Blork the orc
  2455 | D:4      | Noticed a scorpion
  2468 | D:4      | Killed a scorpion
  2469 | D:4      | Reached skill level 5 in Spellcasting
  2469 | D:4      | Reached XP level 5. HP: 27/28 MP: 4/14
  2522 | D:4      | Found a hide-covered altar of Uskayaw.
  2532 | D:4      | Reached skill level 5 in Earth Magic
  2572 | D:4      | Found a sand-covered staircase.
  2577 | Ossuary  | Entered an ossuary
  2617 | Ossuary  | Reached XP level 6. HP: 29/32 MP: 5/16
  2721 | Ossuary  | Reached skill level 6 in Spellcasting
  2918 | Ossuary  | Reached XP level 7. HP: 36/36 MP: 15/19
  2924 | Ossuary  | Reached skill level 7 in Spellcasting
  3268 | D:3      | Mangled by a killer bee

Illustrated notes

Levels and vault maps discovered:
D:1:      lightli_arrival_farm, layout_basic, serial_shops,
          nicolae_shop_gaudy_bauble, serial_curves, eino_curves_03,
          eino_curves_02
D:2:      layout_basic, amethyst_killhole, serial_bayou_pond_e
D:3:      layout_loops_ring, serial_shops, shop, minmay_checkerbox
D:4:      layout_cave_pools, nicolae_uskayaw_dance_hall,
          minmay_temple_entry_statues_fountains, enter_ossuary_5, minivault_19,
          uniq_blork_the_orc

Skill      XL: |  1  2  3  4  5  6  7 |
---------------+----------------------+-----
Earth Magic    | 4 5 6 |  6.8
Spellcasting   | 4 5 6 7 |  7.8
Stealth        | 3 |  3.0
Conjurations   | 2 3 |  3.5
Dodging        | |  2.5

Action                     |  1- 3 |  4- 6 |  7- 9 || total
---------------------------+-------+-------+-------++-------
   Cast: Sandblast         |    55 |    33 |     8 ||    96
         Passwall          |     1 |       |       ||     1
         Stone Arrow       |       |    15 |    14 ||    29
    Use: Scroll            |       |     3 |     4 ||     7
 Armour: Robe              |     8 |     8 |    14 ||    30
  Dodge: Dodged            |    13 |    16 |    11 ||    40
